 Dungeon Crawl Stone Soup version 0.18-a0-628-gc02dfad (webtiles) character file.

3731 4thArraOfDagon the Covert (level 10, -2/71 HPs)
             Began as an Octopode Venom Mage on Dec 4, 2015.
             Was a Priest of Cheibriados.
             Slain by a centaur (7 damage)
             ... on level 12 of the Dungeon.
             The game lasted 00:22:30 (3822 turns).

4thArraOfDagon the Covert (Octopode Venom Mage)     Turns: 3822, Time: 00:22:30

Health: -2/71      AC:  1    Str: 16      XL:     10   Next: 14%
Magic:  7/14       EV: 16    Int: 27      God:    Cheibriados [***...]
Gold:   311        SH:  0    Dex: 18 (20) Spells: 3 memorised, 7 levels left

rFire  + . .     SeeInvis +       - Unarmed
rCold  . . .     Clarity  +     (no shield)
rNeg   . . .     SustAt   .     (helmet restricted)
rPois  +         Gourm    .     s - amulet of faith
rElec  .         Spirit   .     q - ring of see invisible
rCorr  .         Dismiss  .     y - ring "Tacami" {rC+ Dex+3}
rMut   .         Stasis   .     p - ring of fire
MR     .....                    (no ring)
Stlth  ++++++....               (no ring)
                                (no ring)
                                (no ring)
                                (no ring)

@: very slow, not resistant to hostile enchantments, very stealthy
A: almost no armour, amphibious, 8 rings, constrict 8, camouflage 1, clarity,
clumsy 1, poison resistance, gelatinous body 1
a: Bend Time, Temporal Distortion, Renounce Religion


You were on level 12 of the Dungeon.
You worshipped Cheibriados.
Cheibriados was most pleased with you.
You were not hungry.

You visited 1 branch of the dungeon, and saw 13 of its levels.

You collected 311 gold pieces.

Inventory:

Hand Weapons
 e - a +1 scimitar of flaming
 f - a +0 flail
Missiles
 j - a throwing net (quivered)
 r - 10 tomahawks of dispersal
Jewellery
 p - a ring of fire (on tentacle)
 q - a ring of see invisible (left tentacle)
 s - an amulet of faith (around mantle)
 y - the ring "Tacami" (right tentacle) {rC+ Dex+3}
   (You found it on level 10 of the Dungeon)

   [ring of protection from cold]

   It affects your dexterity (+3).
   It protects you from cold.
Wands
 o - a wand of enslavement (2)
 w - a wand of confusion (34)
Scrolls
 i - 2 scrolls of recharging
 n - a scroll of noise {unknown}
 t - a scroll of immolation {unknown}
 u - a scroll of fog
 v - 2 scrolls of amnesia {unknown}
 x - a scroll of identify
 A - a scroll of enchant armour {unknown}
 B - a scroll of blinking {unknown}
 C - a scroll of teleportation
Potions
 d - a potion of might {unknown}
 g - a potion of curing {unknown}
 k - 2 potions of heal wounds {unknown}
 l - 2 potions of lignification
 m - a potion of brilliance
Books
 a - a Young Poisoner's Handbook

   Spells                             Type                      Level
   a - Sting                          Conjuration/Poison           1
   b - Cure Poison                    Poison                       2
   c - Mephitic Cloud                 Conjuration/Poison/Air       3
   d - Olgreb's Toxic Radiance        Poison                       4
   e - Venom Bolt                     Conjuration/Poison           5
Comestibles
 b - 7 bread rations
 c - 7 beef jerkies
 h - 4 meat rations
 z - 2 chunks of flesh


   Skills:
 + Level 7.0 Fighting
 - Level 1.0 Maces & Flails
 + Level 5.9 Dodging
 + Level 8.1 Stealth
 * Level 7.0 Unarmed Combat
 - Level 2.0 Spellcasting
 - Level 1.9 Conjurations
 - Level 5.6 Poison Magic
 + Level 5.6 Invocations


You had 7 spell levels left.
You knew the following spells:

 Your Spells              Type           Power        Failure   Level  Hunger
a - Sting                 Conj/Pois      ###.         1%          1    None
b - Cure Poison           Pois           ####......   1%          2    ##.....
c - Mephitic Cloud        Conj/Pois/Air  ###.....     12%         3    ###....


Dungeon Overview and Level Annotations

Branches:
Dungeon (13/15)            Temple (0/1) D:7
   Lair: D:8-11         Orc: D:9-12      Vaults: D:13-14

Altars:
Cheibriados
Fedhas
Kikubaaqudgha
Nemelex Xobeh
Okawaru
Sif Muna
Trog
Xom
The Shining One

Annotations:
D:5 nublet's ghost, novice OgGl
D:11 Zooty's ghost, novice GrAr


Innate Abilities, Weirdness & Mutations

You cannot wear most types of armour.
You are amphibious.
You can wear up to eight rings at the same time.
You can use your tentacles to constrict eight enemies at once.
Your skin changes colour to match your surroundings (Stealth).
Your rubbery body absorbs attacks (AC +1).
You possess an exceptional clarity of mind.
You are clumsy. (Dex -2)
Your system is resistant to poisons.


Message History

Unknown command.
Unknown command.
Unknown command. 2 centaurs come into view.
The centaur wields a shortbow.
The centaur shoots an arrow.
The arrow barely misses you. The kobold completely misses you.
The centaur hits you!
* * * LOW HITPOINT WARNING * * *
The centaur shoots an arrow.
The arrow hits you!
* * * LOW HITPOINT WARNING * * *
Unknown command.
Unknown command.
Unknown command.
The centaur hits you.
* * * LOW HITPOINT WARNING * * *
The centaur is engulfed in noxious fumes.
The centaur appears confused.
The centaur shoots an arrow.
The arrow barely misses you. The kobold closely misses you.
The centaur hits you!
You die...

#.# . #h# # .. #.. ..
... #†# ##.## ....##
#.# .....
.....###.###).# .
#...#(#(..#
....##..(cK#########.
.....(....@.cc>......#
....####.c##########..
.. #.§§.. #.#c###
#..#.# ...##.# ####
#.# #.#


You could see 5 centaurs, a hound (wandering) and a kobold.

Vanquished Creatures
  Erica (D:9)
  A deep elf mage (D:12)
  A hungry ghost (D:11)
  2 hippogriffs (D:12)
  A water moccasin (D:12)
  A black bear (D:12)
  A sky beast (D:10)
  4 ogres
  An eye of draining (D:12)
  A crocodile (D:9)
  3 centaurs
  2 big kobolds (D:7)
  5 giant frogs
  A water moccasin zombie (D:6)
  4 scorpions
  4 wights (D:9)
  3 vampire bats (D:5)
  A centaur zombie (D:6)
  A giant frog zombie (D:7)
  2 hounds
  A crimson imp (D:12)
  A quasit (D:12)
  4 iguanas
  An orc wizard (D:3)
  A centaur skeleton (D:8)
  3 worker ants
  A hound zombie (D:9)
  A mummy (D:6)
  9 adders
  An ooze (D:5)
  An adder skeleton (D:4)
  3 giant geckos
  13 orcs
  4 bats (D:5)
  2 giant cockroaches
  A hobgoblin (D:3)
  4 jackals (D:5)
  A quokka (D:6)
  A giant gecko skeleton (D:6)
  A giant gecko zombie (D:5)
  3 goblins (D:7)
  8 kobolds
  2 rats
107 creatures vanquished.

Vanquished Creatures (others)
  An ogre (D:7)
  A jelly (D:7)
2 creatures vanquished.

Grand Total: 109 creatures vanquished

Notes
Turn   | Place    | Note
--------------------------------------------------------------
     0 | D:1      | 4thArraOfDagon the Octopode Venom Mage began the quest for the Orb.
     0 | D:1      | Reached XP level 1. HP: 11/11 MP: 3/3
    59 | D:2      | Reached skill level 1 in Conjurations
    59 | D:2      | Reached skill level 5 in Poison Magic
    59 | D:2      | Reached XP level 2. HP: 9/17 MP: 1/5
   103 | D:3      | Learned a level 2 spell: Cure Poison
   145 | D:3      | Reached XP level 3. HP: 17/21 MP: 1/6
   150 | D:3      | Learned a level 3 spell: Mephitic Cloud
   172 | D:3      | Found a faded altar to an unknown god.
   180 | D:3      | Reached skill level 1 in Maces & Flails
   206 | D:3      | Reached XP level 4. HP: 9/27 MP: 3/7
   219 | D:3      | Found a blossoming altar of Fedhas.
   359 | D:5      | Entered Level 5 of the Dungeon
   509 | D:5      | Noticed an ogre
   530 | D:5      | Killed an ogre
   530 | D:5      | Reached XP level 5. HP: 21/37 MP: 5/8
   583 | D:5      | Reached XP level 6. HP: 28/44 MP: 3/9
   856 | D:5      | Found an iron altar of Okawaru.
   857 | D:5      | Found a bloodstained altar of Trog.
  1017 | D:5      | Gained mutation: Your system is resistant to poisons. [potion of mutation]
  1017 | D:5      | Gained mutation: You are clumsy. (Dex -2) [potion of mutation]
  1017 | D:5      | Gained mutation: You possess an exceptional clarity of mind. [potion of mutation]
  1174 | D:5      | Noticed nublet's ghost (novice OgGl)
  1284 | D:6      | Found a deep blue altar of Sif Muna.
  1287 | D:6      | Found a glowing golden altar of the Shining One.
  1468 | D:6      | Found a snail-covered altar of Cheibriados.
  1490 | D:6      | Became a worshipper of Cheibriados the Contemplative
  1550 | D:5      | Reached skill level 5 in Fighting
  1550 | D:5      | Reached XP level 7. HP: 40/50 MP: 10/10
  1566 | D:5      | Reached skill level 1 in Unarmed Combat
  1566 | D:5      | Reached skill level 1 in Invocations
  1683 | D:7      | Found a sparkling altar of Nemelex Xobeh.
  1713 | D:7      | Found a staircase to the Ecumenical Temple.
  1790 | D:7      | Reached * piety under Cheibriados
  1887 | D:7      | Noticed a hungry ghost
  1994 | D:6      | Reached XP level 8. HP: 49/56 MP: 11/11
  2036 | D:6      | Found an ancient bone altar of Kikubaaqudgha.
  2131 | D:7      | Reached skill level 5 in Stealth
  2135 | D:8      | Found a shimmering altar of Xom.
  2135 | D:8      | Found a shimmering altar of Xom.
  2135 | D:8      | Found a shimmering altar of Xom.
  2135 | D:8      | Found a shimmering altar of Xom.
  2135 | D:8      | Found a shimmering altar of Xom.
  2135 | D:8      | Found a shimmering altar of Xom.
  2135 | D:8      | Noticed a two-headed ogre
  2146 | D:8      | Found a shimmering altar of Xom.
  2146 | D:8      | Found a shimmering altar of Xom.
  2406 | D:9      | Noticed Erica
  2425 | D:9      | Reached ** piety under Cheibriados
  2609 | D:9      | Reached skill level 6 in Fighting
  2617 | D:9      | Found a blossoming altar of Fedhas.
  2665 | D:8      | Noticed a troll
  2743 | D:10     | Entered Level 10 of the Dungeon
  2841 | D:9      | Killed Erica
  2841 | D:9      | Reached skill level 5 in Dodging
  2841 | D:9      | Reached skill level 5 in Unarmed Combat
  2841 | D:9      | Reached XP level 9. HP: 17/63 MP: 2/12
  3059 | D:9      | Reached skill level 7 in Stealth
  3228 | D:11     | Noticed a purple ugly thing
  3228 | D:11     | Noticed Zooty's ghost (novice GrAr)
  3250 | D:10     | Got a shimmering copper ring
  3251 | D:10     | Identified the ring "Tacami" {rC+ Dex+3} (You found it on level 10 of the Dungeon)
  3564 | D:11     | Reached skill level 5 in Invocations
  3586 | D:11     | Noticed a hill giant
  3673 | D:12     | Noticed a wolf spider zombie
  3686 | D:12     | Reached *** piety under Cheibriados
  3711 | D:12     | Reached XP level 10. HP: 65/69 MP: 7/13
  3784 | D:12     | Reached skill level 8 in Stealth
  3822 | D:12     | Slain by a centaur

Vault maps used:
D:1:      evilmike_arrival_plus, nicolae_ashenzari_panopticon
D:2:      marbit_many_paths, yredelemnul_altar_generic, first_bread,
          minmay_bad_closet, columned_hall_lemuel, serial_bayou_lagoon_a,
          bloody_makhleb
D:3:      ecumenical_altar_1, fedhas_altar_fruit_tree
D:5:      grunt_temple_overflow_bloody_war, serial_park, roderic_batcave
D:6:      slow_altar_1, minitemple, kiku_gazebo_garden_becter, elyvilon_altar_5
D:7:      corexii_shack_village, vehumet_statue,
          nemelex_xobeh_ov_fountains_minmay, grunt_ogre_cave, minivault_23,
          minmay_door_square, minmay_unpleasant_kobolds
D:8:      xom_shifter_show, nicolae_gozag_seed_capital, erik_lair_island,
          minmay_evil_grid
D:9:      nicolae_overflow_hidden_temple, corexii_leaking_fountain, uniq_erica
D:10:     orc_david_3, serial_shops, kennysheep_mini
D:12:     minmay_expanding_circles
D:13:     erik_vaults_2, portal_ice_cave_entry_ice_statue_01,
          nicolae_trove_entry_free_sample

Action                   |  1- 3 |  4- 6 |  7- 9 | 10-12 || total
-------------------------+-------+-------+-------+-------++-------
Melee: Unarmed           |     7 |       |   181 |    28 ||   216
       Flail             |    11 |    63 |    10 |       ||    84
Throw: Throwing net      |       |     1 |     3 |       ||     4
 Cast: Sting             |    11 |    34 |    82 |     8 ||   135
       Cure Poison       |     1 |     1 |       |       ||     2
       Mephitic Cloud    |       |     3 |    16 |     3 ||    22
Evoke: Wand              |       |       |     5 |       ||     5
  Use: Scroll            |       |     6 |     4 |       ||    10
       Potion            |       |     1 |     2 |       ||     3
 Stab: Sleeping          |     1 |     1 |     6 |       ||     8
       Confused          |       |     2 |     3 |     2 ||     7
       Held in net/web   |       |     1 |       |       ||     1
       Invisible         |       |       |     3 |       ||     3
  Eat: Chunk             |       |     3 |     3 |       ||     6
       Fruit             |       |       |     4 |       ||     4
       Royal jelly       |       |       |     1 |       ||     1
